 Dungeon Crawl Stone Soup version 0.19-a0-823-gd955774 (webtiles) character file.

1374 Implojin the Cleaver (level 8, 0/64 HPs)
             Began as a Minotaur Fighter on June 30, 2016.
             Was a Follower of Makhleb.
             Succumbed to a kobold's poison
             ... on level 9 of the Dungeon.
             The game lasted 00:07:37 (1439 turns).

Implojin the Cleaver (Minotaur Fighter)             Turns: 1439, Time: 00:07:38

Health: 0/64       AC:  9    Str: 21    XL:     8   Next: 39%
Magic:  16/16      EV:  7    Int:  5    God:    Makhleb [*.....]
Gold:   81         SH:  9    Dex: 12    Spells: 0 memorised, 7 levels left

rFire  . . .     SeeInvis .     a - +1 war axe
rCold  . . .     Gourm    .     b - +0 scale mail
rNeg   . . .     Faith    .     c - +0 shield
rPois  .         Spirit   .     (helmet restricted)
rElec  .         Dismiss  .     (no cloak)
rCorr  .         Reflect  .     (no gloves)
SustAt .         Harm     .     g - +1 pair of boots
MR     .....                    (no amulet)
Stlth  ..........               k - ring of magical power
                                j - ring of loudness (curse)

@: lethally poisoned (0 -> -28), not resistant to hostile enchantments,
extremely unstealthy
A: retaliatory headbutt, horns 2
a: Renounce Religion


You were on level 9 of the Dungeon.
You worshipped Makhleb.
Makhleb was aware of your devotion.
You were not hungry.

You visited 2 branches of the dungeon, and saw 10 of its levels.

You collected 81 gold pieces.

Inventory:

Hand Weapons
 a - a +1 war axe (weapon)
Armour
 b - a +0 scale mail (worn)
 c - a +0 shield (worn)
 g - a +1 pair of boots (worn)
Jewellery
 j - a cursed ring of loudness (left hand)
 k - a ring of magical power (right hand)
Wands
 d - a wand of disintegration (12/24)
Scrolls
 e - a scroll of amnesia
 i - a scroll of enchant weapon
Potions
 m - a potion of cancellation {unknown}
Comestibles
 f - 2 bread rations


   Skills:
 - Level 3.6 Fighting
 * Level 12.2 Axes
 - Level 3.6 Armour
 - Level 3.6 Shields


You had 7 spell levels left.
You didn't know any spells.

Dungeon Overview and Level Annotations

Branches:
Dungeon (9/15)             Temple (1/1) D:6
   Lair: D:8-11         Orc: D:9-12

Altars:
Ashenzari
Cheibriados
Elyvilon
Fedhas
Hepliaklqana
Makhleb
Nemelex Xobeh
Pakellas
Qazlal
Sif Muna
Trog
Uskayaw
Zin
The Shining One

Annotations:
D:2 exclusion: upstairs


Innate Abilities, Weirdness & Mutations

You reflexively headbutt those who attack you in melee.
You have a pair of horns on your head.


Message History

You closely miss the water moccasin.
The water moccasin is moderately wounded.
You barely miss the big kobold.
The big kobold is lightly wounded.
* * * LOW HITPOINT WARNING * * *
You feel sick. The big kobold barely misses you.
The water moccasin closely misses you.
Unknown command.
Unknown command.
You barely miss the water moccasin.
The water moccasin is moderately wounded.
You barely miss the big kobold.
The big kobold is lightly wounded.
* * * LOW HITPOINT WARNING * * *
You feel sick. The water moccasin bites you.
* * * LOW HITPOINT WARNING * * *
You are more poisoned.
The water moccasin poisons you!
The kobold shoots a poisoned needle.
The poisoned needle hits you.
You are more poisoned.
The big kobold closely misses you. You furiously retaliate!
You headbutt the big kobold, but do no damage.
Unknown command.
Unknown command.
You slice the water moccasin!!
You kill the water moccasin!
Makhleb accepts your kill.
Your Axes skill increases to level 12!
You barely miss the big kobold.
The big kobold is lightly wounded.
* * * LOW HITPOINT WARNING * * *
You feel very sick.
The big kobold hits you but does no damage.
Unknown command.
Okay, then.
You hit the big kobold.
You headbutt the big kobold, but do no damage.
The big kobold is lightly wounded.
You closely miss the kobold.
You die...

#.# #.# #.# #.# #.####.#
#......# #......#
..#+#######......########
...K.o.)†..........<)....
.......#)†........)).##..
|......#@............#
.....K.KK...####.....#
.....................#
.....................#
.....=.................
########################


You could see a big kobold and 2 kobolds.

Vanquished Creatures
  Pikel (D:8)
  A water moccasin (D:9)
  An ice beast (D:9)
  A sky beast (D:5)
  A phantom (D:4)
  A centaur (D:5)
  A gnoll sergeant (D:9)
  A scorpion (D:5)
  2 howler monkeys (D:9)
  3 crimson imps
  An orc priest (D:9)
  A hound (D:5)
  2 orc wizards (D:9)
  4 gnolls (D:9)
  2 adders
  A worm (D:2)
  A dart slug (D:1)
  2 giant geckos (D:5)
  12 orcs
  2 giant cockroaches
  3 goblins
  4 hobgoblins
  2 giant newts
  3 kobolds
53 creatures vanquished.

Notes
Turn   | Place    | Note
--------------------------------------------------------------
     0 | D:1      | Implojin the Minotaur Fighter began the quest for the Orb.
     0 | D:1      | Reached XP level 1. HP: 19/19 MP: 0/0
    18 | D:1      | Reached skill level 3 in Axes
    55 | D:1      | Reached XP level 2. HP: 18/26 MP: 1/1
   245 | D:5      | Entered Level 5 of the Dungeon
   245 | D:5      | Noticed a phantom
   245 | D:5      | Noticed a sky beast
   262 | D:4      | Killed a phantom
   262 | D:4      | Reached skill level 5 in Axes
   262 | D:4      | Reached XP level 3. HP: 14/31 MP: 2/2
   262 | D:4      | Reached XP level 4. HP: 17/39 MP: 3/3
   267 | D:4      | Found a stormy altar of Qazlal.
   337 | D:4      | Reached skill level 6 in Axes
   361 | D:5      | Reached XP level 5. HP: 23/45 MP: 4/4
   368 | D:5      | Noticed a centaur
   375 | D:5      | HP: 1/45 [centaur (4)]
   376 | D:5      | Killed a centaur
   376 | D:5      | Reached skill level 7 in Axes
   574 | D:5      | Killed a sky beast
   574 | D:5      | Reached skill level 8 in Axes
   574 | D:5      | Reached XP level 6. HP: 7/51 MP: 5/5
   935 | D:6      | Reached skill level 9 in Axes
  1044 | D:6      | Found a staircase to the Ecumenical Temple.
  1053 | Temple   | Entered the Ecumenical Temple
  1186 | Temple   | Became a worshipper of Makhleb the Destroyer
  1260 | D:7      | Found a bloodstained altar of Trog.
  1358 | D:8      | Noticed a slave
  1359 | D:8      | Noticed a slave
  1360 | D:8      | Noticed Pikel
  1361 | D:8      | Noticed a slave
  1362 | D:8      | Noticed a slave
  1374 | D:8      | Killed Pikel
  1374 | D:8      | Reached skill level 10 in Axes
  1374 | D:8      | Reached XP level 7. HP: 16/57 MP: 6/6
  1384 | D:9      | Reached skill level 11 in Axes
  1386 | D:9      | Reached XP level 8. HP: 20/64 MP: 7/7
  1416 | D:9      | Reached * piety under Makhleb
  1438 | D:9      | Reached skill level 12 in Axes
  1438 | D:9      | HP: 3/64 [poisoned by a kobold]
  1439 | D:9      | Succumbed to a kobold's poison

Vault maps used:
D:1:      grunt_arrival_lava_bath
D:2:      serial_bayou_pond_b, kennysheep_another_room
D:3:      kennysheep_donut
D:4:      grunt_qazlal_clouds, nicolae_overflow_crystal_walls, minitemple,
          serial_shops, kennysheep_mini, grunt_ministairs_2
D:5:      first_bread, minmay_misc_feat_alley
D:6:      serial_shops, shop
D:7:      grunt_livestock, trog_book
D:8:      lemuel_doored_altar, nicolae_dithmenos_through_a_glass_darkly,
          lair_0_dummy, uniq_pikel
D:9:      nicolae_overflow_hidden_temple, grunt_temple_overflow_open,
          serial_shops, nicolae_shop_statue_plus, makhleb_heckhound_becter
Temple:   nicolae_temple_figure_eight

Skill      XL: |  1  2  3  4  5  6  7  8 |
---------------+-------------------------+-----
Axes           | 3 5 6 8 10 11 12 | 12.2
Fighting       | |  3.6
Armour         | |  3.6
Shields        | |  3.6

Action                   |  1- 3 |  4- 6 |  7- 9 || total
-------------------------+-------+-------+-------++-------
Melee: War axe           |    34 |    87 |    30 ||   151
       Headbutt          |     4 |    15 |     6 ||    25
  Use: Potion            |       |     2 |     2 ||     4
       Scroll            |       |     7 |     1 ||     8
  Eat: Meat ration       |       |     1 |       ||     1
Armor: Scale mail        |    17 |    35 |    18 ||    70
Dodge: Dodged            |    13 |    26 |    12 ||    51
Block: Shield            |    15 |    36 |    13 ||    64

Table legend:
 A = Turns spent in this place as a percentage of turns spent in the entire game.
 B = Non-inter-level travel turns spent in this place as a percentage of non-inter-level travel turns spent in the entire game.
 C = Inter-level travel turns spent in this place as a percentage of turns spent in this place.
 D = Turns resting spent in this place as a percentage of non-inter-level travel turns spent in this place.
 E = Turns spent auto-exploring this place as a percentage of non-inter-level travel turns spent in this place.
 F = Non-inter-level travel turns spent in this place divided by the number of levels of this place that you've seen.
                   A       B       C       D       E      F
               +-------+-------+-------+-------+-------+----------------------
         Total | 100.0 | 100.0 |   0.0 |   0.3 |   0.0 | 117.0
       Dungeon |  85.5 |  85.5 |   0.0 |   0.4 |   0.0 | 111.1
        Temple |  14.5 |  14.5 |   0.0 |   0.0 |   0.0 | 170.0
               +-------+-------+-------+-------+-------+----------------------

Table legend:
 A = Kills in this place as a percentage of kills in entire the game.
 B = Kills by you in this place as a percentage of kills by you in the entire game.
 C = Kills by friends in this place as a percentage of kills by friends in the entire game.
 D = Other kills in this place as a percentage of other kills in the entire game.
 E = Experience gained in this place as a percentage of experience gained in the entire game.
 F = Experience gained in this place divided by the number of levels of this place that you have seen.
                   A       B       C       D       E      F
               +-------+-------+-------+-------+-------+----------------------
         Total | 100.0 | 100.0 |  -nan |  -nan | 100.0 | 196.4
       Dungeon | 100.0 | 100.0 |  -nan |  -nan | 100.0 | 218.2
               +-------+-------+-------+-------+-------+----------------------
